 Dungeon Crawl Stone Soup version 0.28.0-47-ge53b351184 (webtiles) character file.

Game seed: 7723104839783805514

123 RatsInWalls the Covered (level 4, -5/33 HPs)
             Began as a Demonspawn Wanderer on May 9, 2022.
             Slain by an ogre
             ... wielding a +0 giant club
              (19 damage)
             ... on level 2 of the Dungeon.
             The game lasted 00:05:22 (1830 turns).

RatsInWalls the Covered (Demonspawn Wanderer)       Turns: 1830, Time: 00:05:22

Health: -5/33      AC: 10    Str: 12    XL:     4   Next: 79%
Magic:  7/7        EV:  9    Int: 14    God:
Gold:   62         SH:  0    Dex: 14    Spells: 7/7 levels left

rFire   . . .      SeeInvis .   a - +2 hand crossbow
rCold   . . .      Faith    .   (no shield)
rNeg    . . .      Spirit   .   d - +0 scale mail
rPois   .          Reflect  .   (no helmet)
rElec   .          Harm     .   (no cloak)
rCorr   .          Rampage  .   (no gloves)
Will    .....                   (no boots)
Stlth   ..........              (no amulet)
HPRegen 0.11/turn               (no ring)
MPRegen 0.10/turn               (no ring)

@: no status effects
A: hooves 1, icy blue scales 2
a: no special abilities


You were on level 2 of the Dungeon.
You visited 1 branch of the dungeon, and saw 2 of its levels.

You collected 62 gold pieces.

Inventory:

Hand Weapons
 a - a +2 hand crossbow (weapon)
 c - a +0 hand axe
Missiles
 b - 7 bolts (quivered ammo)
Armour
 d - a +0 scale mail (worn)
Jewellery
 g - a ring of ice
 h - a ring of ice
Wands
 j - a wand of polymorph (7)
Scrolls
 e - a scroll of brand weapon {unknown}
 k - a scroll of vulnerability {unknown}
 l - a scroll of fear {unknown}
Potions
 f - a potion of heal wounds
 i - a potion of brilliance


   Skills:
 + Level 2.1 Fighting
 - Level 1.0 Axes
 + Level 3.2 Crossbows
 + Level 4.1 Armour
 + Level 1.5 Dodging
 + Level 2.1 Spellcasting


You had 7 spell levels left.
You didn't know any spells.
Your spell library was empty.

Dungeon Overview and Level Annotations

Branches:
Dungeon (2/15)

Altars:


Innate Abilities, Weirdness & Mutations

You have large cloven feet.
You are mostly covered in icy blue scales. (AC +3)


Message History

Items here: ( ))) [[.
You see here a hobgoblin corpse.
There is a stone staircase leading down here.
Found a stone staircase leading up.
a - a +2 hand crossbow (weapon)
Found a stone staircase leading down.
The ogre shouts!
Fire: 12 bolts
Press: ? - help, Q - select action, (/) - cycle Shift-Dir - straight line, f - ogre
Aim: an ogre, wielding a +0 giant club (79% to hit)
You shoot a bolt. The bolt hits the ogre!
The ogre is moderately wounded.
Unknown command.
Fire: 11 bolts
Press: ? - help, Q - select action, (/) - cycle Shift-Dir - straight line, f/p - ogre
Aim: an ogre, wielding a +0 giant club (moderately wounded, 79% to hit)
You shoot a bolt. The bolt barely misses the ogre.
Unknown command.
Fire: 10 bolts
Press: ? - help, Q - select action, (/) - cycle Shift-Dir - straight line, f/p - ogre
Aim: an ogre, wielding a +0 giant club (moderately wounded, 79% to hit)
You shoot a bolt. The bolt hits the ogre!
The ogre is severely wounded.
The ogre closely misses you.
The ogre hits you with a +0 giant club!!
Ouch! That really hurt!
Fire: 9 bolts
Press: ? - help, Q - select action, (/) - cycle Shift-Dir - straight line, f/p - ogre
Aim: an ogre, wielding a +0 giant club (severely wounded, 79% to hit)
You shoot a bolt. The bolt hits the ogre.
The ogre is severely wounded.
The ogre barely misses you.
Fire: 8 bolts
Press: ? - help, Q - select action, (/) - cycle Shift-Dir - straight line, f/p - ogre
Aim: an ogre, wielding a +0 giant club (severely wounded, 79% to hit)
You shoot a bolt. The bolt hits the ogre.
The ogre is almost dead.
The ogre hits you with a +0 giant club!!
Ouch! That really hurt!
You die...

#.#.# ### #####.#.#### #>.
............ #.#
#####.#.#### #.# # #.# #.#
#.# # ##### #.#######
#.#### #...# #.O((....
#..... #.#.####@# ###
#..... #.#...##.#
#.######.....
#.###.##.####......†.####
#.#...........######## #
#.#...........######## #
#.##.#...............# #
##........####.######.####
#...##....................
#...##....####.###.##.####


You could see an ogre.

Vanquished Creatures
  Terence (D:2)
  Robin (D:2)
  A gnoll (D:1)
  4 adders (D:2)
  7 ball pythons
  5 endoplasms
  A giant cockroach (D:2)
  6 goblins (D:2)
  4 hobgoblins (D:2)
  4 bats
  4 frilled lizards
  3 kobolds
  6 rats
47 creatures vanquished.

Notes
Turn   | Place    | Note
-------+----------+-------------------------------------------
     0 | D:1      | RatsInWalls the Demonspawn Wanderer began the quest for the
                  | Orb.
     0 | D:1      | RatsInWalls set off with the following items: a +2 hand
                  | crossbow, 24 bolts, a +0 hand axe, a +0 scale mail
     0 | D:1      | Reached XP level 1. HP: 15/15 MP: 2/2
   416 | D:1      | Gained mutation: You are partially covered in icy blue
                  | scales. (AC +2) [demonic ancestry]
   416 | D:1      | Reached XP level 2. HP: 12/21 MP: 3/3
   876 | D:2      | Gained mutation: You have large cloven feet. [demonic
                  | ancestry]
   876 | D:2      | Reached XP level 3. HP: 26/26 MP: 5/5
   910 | D:2      | Reached skill level 1 in Dodging
  1026 | D:2      | Noticed Terence
  1054 | D:2      | Killed Terence
  1055 | D:2      | Gained mutation: You are mostly covered in icy blue scales.
                  | (AC +3) [demonic ancestry]
  1055 | D:2      | Reached XP level 4. HP: 17/33 MP: 6/6
  1215 | D:2      | Reached skill level 4 in Armour
  1408 | D:2      | Noticed an ogre
  1492 | D:2      | Noticed Robin
  1511 | D:2      | Killed Robin
  1830 | D:2      | Slain by an ogre

Illustrated notes

Levels and vault maps discovered:
D:1:      dpeg_arrival_round_b, layout_loops_cross
D:2:      layout_basic, minmay_indecisive_spiral, uniq_robin, uniq_terence

Skill      XL: |  1  2  3  4 |
---------------+-------------+-----
Crossbows      | 3 |  3.2
Dodging        | 1 |  1.5
Armour         | 4 |  4.1
Fighting       | 2 |  2.1
Spellcasting   | 2 |  2.1
Axes           | |  1.0

Action                   |  1- 3 |  4- 6 || total
-------------------------+-------+-------++-------
Melee: Hand axe          |       |    21 ||    21
       Kick              |       |     7 ||     7
 Fire: Hand crossbow     |    65 |    28 ||    93
  Use: Scroll            |     3 |       ||     3
Armor: Scale mail        |    10 |    14 ||    24
Dodge: Dodged            |    13 |    21 ||    34
